 Dungeon Crawl Stone Soup version 0.30-a0-149-g7f746667c4 (webtiles) character file.

Game seed: 3466360747364180688

4 LnG the Caller (level 1, 0/10 HPs)
             Began as a Kobold Summoner on Sept 26, 2022.
             Slain by a quokka (4 damage)
             ... on level 1 of the Dungeon.
             The game lasted 00:01:42 (194 turns).

LnG the Caller (Kobold Summoner)                     Turns: 194, Time: 00:01:43

Health: 0/10       AC:  2    Str:  5    XL:     1   Next: 66%
Magic:  0/3        EV: 15    Int: 16    God:
Gold:   11         SH:  0    Dex: 15    Spells: 3/4 levels left

rFire   . . .      SeeInvis .    d - +0 dagger
rCold   . . .      Faith    .    (no shield)
rNeg    . . .      Spirit   .    a - +0 robe
rPois   .          Reflect  .    (no helmet)
rElec   .          Harm     .    (no cloak)
rCorr   .          Rampage  .    (no gloves)
Will    .....                    (no boots)
Stlth   +++.......               (no amulet)
HPRegen 0.03/turn                (no ring)
MPRegen 0.08/turn                (no ring)

@: very slightly contaminated
A: small, no large weapons, nightstalker 3
a: no special abilities


You were on level 1 of the Dungeon.
You visited 1 branch of the dungeon, and saw 1 of its levels.

You collected 11 gold pieces.

Inventory:

Hand Weapons
 d - a +0 dagger (weapon)
Armour
 a - a +0 robe (worn)
Potions
 b - a potion of magic
 c - a potion of mutation {unknown}


   Skills:
 + Level 2.4 Dodging
 + Level 2.7 Stealth
 + Level 2.2 Spellcasting
 + Level 4.2 Summonings


You had 3 spell levels left.
You knew the following spells:

 Your Spells              Type           Power      Damage    Failure   Level
a - Summon Small Mammal   Summ           60%        N/A       3%          1

Your spell library contained the following spells:

 Spells                   Type           Power      Damage    Failure   Level
 Call Imp                 Summ           15%        N/A       5%          2
 Call Canine Familiar     Summ           15%        N/A       11%         3
 Summon Guardian Golem    Hex/Summ       8%         N/A       26%         3
 Summon Lightning Spire   Summ/Air       8%         N/A       65%         4


Dungeon Overview and Level Annotations

Branches:
Dungeon (1/15)

Altars:


Innate Abilities, Weirdness & Mutations

You are small and have problems with some larger weapons.
You are completely attuned to the shadows.


Message History

You start resting.
Your rat disappears in a puff of smoke!
HP restored.
A quokka comes into view.
Found a scroll labelled UHUASAGA SIYZXI.
Found a stone staircase leading down.
The quokka bites you.
Casting: Summon Small Mammal (safe; 3% risk of failure)
Confirm with . or Enter, or press ? or * to list all spells.
The quokka completely misses you.
The quokka twitches its whiskers.
Casting: Summon Small Mammal (safe; 3% risk of failure)
Confirm with . or Enter, or press ? or * to list all spells.
You miscast Summon Small Mammal.
You are very lightly contaminated with residual magic.
Nothing appears to happen.
The quokka barely misses you. The quokka closely misses you.
Your rat completely misses the quokka.
Casting: Summon Small Mammal (safe; 3% risk of failure)
Confirm with . or Enter, or press ? or * to list all spells.
The quokka closely misses you.
Your rat closely misses the quokka.
You closely miss the quokka.
Your bat hits the quokka but does no damage.
The quokka misses you.
Your rat closely misses the quokka.
Your bat closely misses the quokka.
You hit the quokka but do no damage.
Your bat closely misses the quokka.
Your bat hits the quokka. The quokka bites you.
Your rat barely misses the quokka.
You hit the quokka but do no damage.
The quokka is lightly wounded.
Your bat completely misses the quokka.
The quokka misses you.
Your bat closely misses the quokka.
Your rat barely misses the quokka.
You completely miss the quokka.
The quokka is lightly wounded.
Your bat misses the quokka.
The quokka bites you but does no damage.
Your rat barely misses the quokka.
The quokka completely misses you.
You hit the quokka but do no damage.
The quokka is lightly wounded.
Your bat closely misses the quokka.
Your bat misses the quokka. The quokka bites you.
You die...

##### #...# #...#
#...############
#........#.....##
#...............##
#................#
#............@r..#
#.............rb...
.................##
#...(............#
..........>.....?#
......... [..†...(.
.#...##.. #.......


You could see a quokka (ally target), a friendly bat (summoned) and a friendly
rat (summoned).

Vanquished Creatures
  A kobold (D:1)
1 creature vanquished.

Vanquished Creatures (collateral kills)
  A bat (D:1)
  A goblin (D:1)
  A ball python (D:1)
3 creatures vanquished.

Grand Total: 4 creatures vanquished

Notes
Turn   | Place    | Note
-------+----------+-------------------------------------------
     0 | D:1      | LnG the Kobold Summoner began the quest for the Orb.
     0 | D:1      | Reached XP level 1. HP: 10/10 MP: 3/3
   194 | D:1      | Slain by a quokka

Illustrated notes

Levels and vault maps discovered:
D:1:      minmay_arrival_cross, layout_rooms

Action                   || total
-------------------------++-------
Melee: Unarmed           ||    10
       Dagger            ||     5
 Cast: Summon Small Mamm ||     5
Armor: Robe              ||     2
Dodge: Dodged            ||    14

Table legend: (Time is in decaauts)
 A = Elapsed time spent in this place.
 B = Non-inter-level travel time spent in this place.
 C = Inter-level travel time spent in this place.
 D = Time resting spent in this place.
 E = Time spent auto-exploring this place.
 F = Levels seen in this place.
 G = Mean time per level.
                   A        B        C        D        E       F      G
               +--------+--------+--------+--------+--------+-----+--------+
         Total |    193 |    193 |      0 |     98 |     41 |   1 |  193.0 |
       Dungeon |    193 |    193 |      0 |     98 |     41 |   1 |  193.0 |
               +--------+--------+--------+--------+--------+-----+--------+

Top non-repeatable levels by time:
     D:1: 193 daAuts
